 Dungeon Crawl Stone Soup version 0.19-a0-1903-gead39cf (webtiles) character file.

2221 Disciple the Basher (level 9, -3/108 HPs)
             Began as a Red Draconian Monk on Oct 20, 2016.
             Was a Believer of Ashenzari.
             Slain by a troll (8 damage)
             ... on level 9 of the Dungeon.
             The game lasted 00:23:20 (9308 turns).

Disciple the Basher (Red Draconian Monk)            Turns: 9308, Time: 00:23:21

Health: -3/108     AC: 24    Str: 19    XL:     9   Next: 13%
Magic:  9/9        EV:  2    Int: 13    God:    Ashenzari [**....]
Gold:   619        SH:  6    Dex: 14    Spells: 0 memorised, 8 levels left

rFire  . . .     SeeInvis .     z - +2 whip (elec)
rCold  . . .     Gourm    .     (armour unavailable)
rNeg   + + +     Faith    .     m - +1 buckler
rPois  +         Spirit   .     (helmet currently unavailable)
rElec  .         Reflect  .     (cloak currently unavailable)
rCorr  .         Harm     .     (gloves currently unavailable)
MR     .....     NoTele   +     (boots currently unavailable)
Stlth  ++........               (no amulet)
                                (no ring)
                                (no ring)

@: mighty, tree-form, drained
A: (breathe fire), unfitting armour, (fire resistance 0), (cold-blooded), AC +7
a: Curse Item, Scrying, Renounce Religion


You were on level 9 of the Dungeon.
You worshipped Ashenzari.
Ashenzari was pleased with you.
You were very hungry.
You were a tree.
You visited 2 branches of the dungeon, and saw 10 of its levels.
You also visited: Ossuary.

You collected 619 gold pieces.

Inventory:

Hand Weapons
 z - a +2 whip of electrocution (weapon)
Missiles
 j - 16 poisoned needles
Armour
 i - a cursed +0 cloak (melded)
 m - a +1 buckler (worn)
 p - a +0 pair of gloves (melded)
Jewellery
 f - a +3 ring of strength
Wands
 h - a wand of lightning (7/15)
 u - a wand of slowing (48/48)
Scrolls
 c - a scroll of fog
 d - a scroll of magic mapping
 e - a scroll of enchant weapon {unknown}
 q - 3 scrolls of teleportation
 r - 3 scrolls of enchant armour
 y - 2 scrolls of noise
 B - 4 scrolls of remove curse
 D - 3 scrolls of blinking
 I - a scroll of identify
 J - 2 scrolls of recharging
 L - 2 scrolls of random uselessness {unknown}
Potions
 g - a potion of invisibility
 l - 3 potions of brilliance
 s - 4 potions of might
 v - 2 potions of ambrosia {unknown}
 x - a potion of cure mutation {unknown}
 A - a potion of lignification
 C - 2 potions of curing {unknown}
 E - a potion of resistance {unknown}
 F - a potion of flight
 G - a potion of cancellation {unknown}
 H - a potion of haste
Comestibles
 a - 6 beef jerkies
 b - 7 bread rations
 o - 2 fruits
 t - 7 meat rations


   Skills:
 + Level 4.5(4.2) Fighting
 - Level 10.4(10.0) Maces & Flails
 + Level 3.6(3.3) Dodging
 - Level 1.7(1.4) Stealth
 - Level 5.5(5.2) Shields


You had 8 spell levels left.
You didn't know any spells.

Dungeon Overview and Level Annotations

Branches:
Dungeon (9/15)             Temple (1/1) D:7
   Lair: D:8-11         Orc: D:9-12

Altars:
Ashenzari
Cheibriados
Elyvilon
Fedhas
Gozag
Kikubaaqudgha
Makhleb
Nemelex Xobeh
Okawaru
Qazlal
Ru
Sif Muna
Vehumet
Xom
Yredelemnul

Shops:
D:7 :


Innate Abilities, Weirdness & Mutations

((You can breathe blasts of fire.))
((Your fiery red scales are hard. (AC +7)))
You cannot fit into any form of body armour.
((Your flesh is heat resistant. (rF+)))
((You are cold-blooded and may be slowed by cold attacks.))


Message History

You closely miss the troll.
Your tail-slap misses the troll.
The troll bites you!
* * * LOW HITPOINT WARNING * * *
The troll claws you.
* * * LOW HITPOINT WARNING * * *
The troll claws you.
* * * LOW HITPOINT WARNING * * *
It was a potion of flight.
You feel very buoyant.
You fly up into the air.
The troll completely misses you. The troll closely misses you.
You block the troll's attack.
It was a potion of lignification.
You turn into a tree.
Your cursed +0 cloak melds into your body.
Your +0 pair of gloves melds into your body.
Your roots penetrate the ground.
The troll bites you but does no damage. The troll barely misses you.
You block the troll's attack.
It was a potion of might.
You feel very mighty all of a sudden. The troll bites you!
You die...

, , , , ,
, #### * *
.... *,
*..... *
####.....
, ,,
#........
, , ,
,#........
, ,,,
#.Tc.....
,, ,,
#♣.......
, ,
###+#####
* , , , ,
, , , , ,,
,, ,, , ,,
, * , * ,
, , * **
** * *


You could see a troll and a centaur.

Vanquished Creatures
  Joseph (D:8)
  The ghost of scalarboson the Magician, an amateur DEFE (D:3)
  Menkaure (D:7)
  A water moccasin (D:6)
  A phantom (D:4)
  2 ogres (D:7)
  3 centaurs (D:6)
  2 bullfrogs (D:6)
  A scorpion (D:6)
  A crimson imp (D:6)
  2 jellies (D:7)
  2 orc priests (D:6)
  A hound (D:4)
  A bullfrog skeleton (D:7)
  An iguana (D:6)
  5 orc wizards
  3 worker ants
  4 hound skeletons
  A hound zombie (D:7)
  8 mummies (Ossuary)
  2 worker ant zombies (D:6)
  Robin (D:4)
  7 adders
  An adder skeleton (D:4)
  3 worms
  4 dart slugs
  2 leopard geckos
  29 orcs
  4 ball pythons (D:2)
  4 giant cockroaches
  A gnoll zombie (Ossuary)
  17 goblins
  15 hobgoblins
  4 jackals
  A quokka (D:4)
  15 bats
  2 frilled lizards
  3 hobgoblin zombies (Ossuary)
  A jackal skeleton (D:7)
  14 kobolds
  2 kobold zombies (Ossuary)
  A leopard gecko skeleton (D:4)
  2 orc zombies (Ossuary)
  6 rats
183 creatures vanquished.

Notes
Turn   | Place    | Note
-------+----------+-------------------------------------------
     0 | D:1      | Disciple the Draconian Monk began the quest for the Orb.
     0 | D:1      | Reached XP level 1. HP: 19/19 MP: 1/1
   284 | D:1      | Reached XP level 2. HP: 22/26 MP: 2/2
   747 | D:1      | Reached skill level 4 in Maces & Flails
   994 | D:1      | Reached XP level 3. HP: 18/31 MP: 3/3
  1960 | D:2      | Reached XP level 4. HP: 38/38 MP: 4/4
  2050 | D:2      | Reached skill level 5 in Maces & Flails
  2649 | D:3      | Found a white marble altar of Elyvilon.
  2813 | D:3      | Noticed scalarboson's ghost (amateur DEFE)
  2842 | D:3      | Killed scalarboson's ghost
  2842 | D:3      | Reached skill level 6 in Maces & Flails
  2842 | D:3      | Reached XP level 5. HP: 43/45 MP: 5/5
  2859 | D:3      | Reached XP level 6. HP: 51/51 MP: 6/6
  2877 | D:3      | Found an iron altar of Okawaru.
  3098 | D:3      | Reached skill level 7 in Maces & Flails
  4002 | D:4      | Noticed Robin
  4184 | D:4      | Killed Robin
  4753 | D:4      | Your scales start taking on a fiery red colour.
  4753 | D:4      | Reached XP level 7. HP: 52/57 MP: 7/7
  4753 | D:4      | Gained mutation: Your flesh is heat resistant. (rF+) [Red Draconian growth]
  4984 | D:4      | Found a sacrificial altar of Ru.
  5105 | D:5      | Entered Level 5 of the Dungeon
  5113 | D:5      | Found a sand-covered staircase.
  5121 | Ossuary  | Entered an ossuary
  5698 | D:5      | Found a stormy altar of Qazlal.
  6567 | D:6      | Reached skill level 5 in Shields
  7070 | D:6      | Reached XP level 8. HP: 36/63 MP: 8/8
  7093 | D:6      | Reached skill level 8 in Maces & Flails
  7312 | D:6      | Found a snail-covered altar of Cheibriados.
  7565 | D:6      | Reached skill level 9 in Maces & Flails
  7718 | D:6      | Found a blossoming altar of Fedhas.
  8440 | D:7      | Found a staircase to the Ecumenical Temple.
  8450 | Temple   | Entered the Ecumenical Temple
  8497 | Temple   | Became a worshipper of Ashenzari the Shackled
  8497 | Temple   | Reached * piety under Ashenzari
  8497 | Temple   | Reached ** piety under Ashenzari
  8557 | D:7      | Found a deep blue altar of Sif Muna.
  8634 | D:7      | Found Leptag's Book Emporium.
  8748 | D:7      | Reached skill level 10 in Maces & Flails
  8825 | D:7      | Noticed Menkaure
  8834 | D:7      | Killed Menkaure
  9224 | D:8      | Found a shimmering altar of Xom.
  9279 | D:8      | Noticed Joseph
  9283 | D:8      | Noticed a troll
  9288 | D:8      | Killed Joseph
  9288 | D:8      | Reached XP level 9. HP: 29/72 MP: 9/9
  9305 | D:9      | HP: 3/72 [troll (6)]
  9308 | D:9      | Slain by a troll

Vault maps used:
D:1:      dpeg_arrival_lava_temple_mockup, minmay_surrounded
D:3:      overflow_temple_1_default, first_bread, okawaru_metal_pillars_1_2
D:4:      nicolae_ru_the_path_less_chosen, uniq_robin
D:5:      nicolae_ossuary_entry_plus, grunt_qazlal_sundering
D:6:      slow_altar_1, lemuel_coloured_pillars_altar
D:7:      led_sif_pool, serial_shops,
          nicolae_shop_temple_entry_statues_fountains, grunt_ogre_cave,
          uniq_menkaure
D:8:      lemuel_doored_altar, erik_lair_island, basic_altar, uniq_joseph
D:9:      nicolae_whirlpool, serial_shops, shop
Temple:   regret_index_temple_waves
Ossuary:  ossuary_tomb_3

Skill      XL: |  1  2  3  4  5  6  7  8 |
---------------+-------------------------+-----
Maces & Flails | 4 6 7 10 | 10.4
Shields        | 3 5 |  5.5
Dodging        | 3 |  3.6
Fighting       | 4 |  4.5
Stealth        | |  1.7

Action                   |  1- 3 |  4- 6 |  7- 9 || total
-------------------------+-------+-------+-------++-------
Melee: Mace              |   132 |   294 |   206 ||   632
       Tailslap          |     9 |    35 |    49 ||    93
       Whip              |       |       |    68 ||    68
       Flail             |       |       |    66 ||    66
 Abil: Breathe Fire      |       |       |     3 ||     3
  Use: Scroll            |       |       |    11 ||    11
       Potion            |       |       |     7 ||     7
 Stab: Sleeping          |     3 |     1 |     3 ||     7
       Invisible         |       |       |     7 ||     7
  Eat: Chunk             |     3 |     9 |    11 ||    23
       Pizza             |       |       |     1 ||     1
       Beef jerky        |       |       |     1 ||     1
       Fruit             |       |       |     1 ||     1
Armor: Skin              |    55 |    94 |    74 ||   223
Dodge: Dodged            |   118 |   190 |   159 ||   467
Block: Buckler           |       |    13 |    68 ||    81
